 Dungeon Sprint DCSS version 0.17-a0-1830-g81820eb (webtiles) character file.

379 Kidiri the Blocker (level 6, -1/41 HPs)
             Began as a Gargoyle Fighter on Sept 13, 2015.
             Was an Initiate of Okawaru.
             Killed by divine providence
             ... invoked by a deep elf priest
              (13 damage)
             ... in the Dungeon (Sprint III: "The Ten Rune Challenge").
             The game lasted 00:03:50 (1075 turns).

Kidiri the Blocker (Gargoyle Fighter)               Turns: 1075, Time: 00:03:51

Health: -1/41      AC: 16    Str: 20    XL:     6   Next: 74%
Magic:  6/6        EV:  8    Int:  9    God:    Okawaru [......]
Gold:   33         SH: 11    Dex: 10    Spells: 0 memorised, 5 levels left

rFire  . . .     SeeInvis .     a - +0 flail
rCold  . . .     Clarity  .     d - +0 chain mail
rNeg   + . .     SustAt   .     c - +0 shield
rPois  ∞         Gourm    .     (no helmet)
rElec  +         Spirit   .     (no cloak)
rCorr  .         Warding  .     (no gloves)
rMut   .         NoTele   +     (no boots)
MR     .....                    (no amulet)
Stlth  ..........               (no ring)
                                (no ring)

@: not resistant to hostile enchantments, extremely unstealthy
A: icy blue scales 1, negative energy resistance 1, electricity resistance,
unbreathing, petrification resistance, rot immunity, AC +4
a: Renounce Religion


You were in the Dungeon.
You worshipped Okawaru.
Okawaru was noncommittal.
You were not hungry.

You visited 1 branch You collected 33 gold pieces.

Inventory:

Hand weapons
 a - a +0 flail (weapon)
Armour
 c - a +0 shield (worn)
 d - a +0 chain mail (worn)
Scrolls
 k - a scroll of blinking
 l - 2 scrolls of holy word {unknown}
 n - 3 scrolls of remove curse
Potions
 h - a potion of haste
 i - 2 potions of magic
 j - a potion of berserk rage
 p - 3 potions of lignification {unknown}
 s - a potion of flight
Comestibles
 o - 3 fruits
 q - a meat ration


   Skills:
 + Level 6.1 Fighting
 * Level 7.2 Maces & Flails
 * Level 8.4 Armour
 + Level 3.8 Dodging
 * Level 8.4 Shields
 + Level 0.0 Invocations


You had 5 spell levels left.
You didn't know any spells.

Dungeon Overview and Level Annotations

Branches:
Dungeon (1/1)

Altars:
Elyvilon
Okawaru
Trog
Zin
The Shining One


Innate Abilities, Weirdness & Mutations

You are resistant to torment.
Your stone body is resilient (AC +4).
You are immune to poison.
You resist negative energy.
You are resistant to electric shocks.
You can survive without breathing.
You are immune to petrification.
You are immune to rotting.
You are partially covered in icy blue scales (AC +1).


Message History

The deep elf priest is heavily wounded.
The deep elf priest hits you with a long sword of holy wrath.
You hit the deep elf priest.
The deep elf priest is heavily wounded.
The deep elf priest utters a dark prayer and points at you.
Your life force is offered up.
* * * LOW HITPOINT WARNING * * *
The deep elf priest is healed.
You hit the deep elf priest but do no damage.
The deep elf priest is heavily wounded.
The deep elf priest hits you but does no damage.
You closely miss the deep elf priest.
The deep elf priest is heavily wounded.
The deep elf priest mumbles some strange prayers to its god against you.
You barely resist. You closely miss the deep elf priest.
The deep elf priest is moderately wounded.
The deep elf priest invokes the aid of its god against you.
Something smites you!
You die...

▓▓▓▓▓ ▓▓▓ #(..####
##.#########
#......#####..#___#__[#
#..)....#..#..#e@.#...#
##.##...#..#..###'#+###+##
##.###..##+#..#..........#
###)##..###...'.⌠........#
#..##..####...#...######+#
...##..###....#.⌠.#
..##...##.....#...#
.##....#......#+###
###..##.#.....#


You could see a deep elf priest.

Vanquished Creatures
  A water elemental (D)
  Jessica (D)
  3 humans (D)
  A phantom (D)
  3 rats (D)
9 creatures vanquished.

Vanquished Creatures (others)
  2 draconian scorchers (D)
  A yaktaur (D)
3 creatures vanquished.

Grand Total: 12 creatures vanquished

Notes
Turn   | Place    | Note
--------------------------------------------------------------
     0 | D        | Kidiri the Gargoyle Fighter began the quest for the Orb.
     0 | D        | Reached XP level 1. HP: 14/14 MP: 1/1
    29 | D        | Noticed Jessica
    30 | D        | Killed a yaktaur
    41 | D        | Killed Jessica
    41 | D        | Reached skill level 4 in Armour
    41 | D        | Reached skill level 1 in Dodging
    41 | D        | Reached XP level 2. HP: 9/20 MP: 2/2
    41 | D        | Reached XP level 3. HP: 10/24 MP: 3/3
   193 | D        | Killed a white draconian scorcher
   248 | D        | Reached skill level 5 in Armour
   248 | D        | Reached skill level 5 in Shields
   321 | D        | Killed a white draconian scorcher
   420 | D        | Gained mutation: You are partially covered in thin metallic scales (AC +2). [potion of mutation]
   420 | D        | Gained mutation: You are partially covered in icy blue scales (AC +1). [potion of mutation]
   420 | D        | Gained mutation: You are agile. (Dex +2) [potion of mutation]
   421 | D        | Gained mutation: You occasionally shout uncontrollably at your foes. [potion of mutation]
   421 | D        | Gained mutation: Scrolls take you a little longer to read. [potion of mutation]
   421 | D        | Lost mutation: You are agile. (Dex +2) [potion of mutation]
   422 | D        | Lost mutation: Scrolls take you a little longer to read. [potion of cure mutation]
   422 | D        | Lost mutation: You occasionally shout uncontrollably at your foes. [potion of cure mutation]
   422 | D        | Lost mutation: You are partially covered in thin metallic scales (AC +2). [potion of cure mutation]
   429 | D        | Noticed a water elemental
   455 | D        | Killed a water elemental
   455 | D        | Reached skill level 6 in Armour
   455 | D        | Reached XP level 4. HP: 8/30 MP: 4/4
   674 | D        | Found an iron altar of Okawaru.
   674 | D        | Found a bloodstained altar of Trog.
   674 | D        | Noticed a human
   675 | D        | Noticed a human
   712 | D        | Killed a human
   712 | D        | Reached skill level 5 in Fighting
   712 | D        | Reached skill level 7 in Armour
   712 | D        | Reached XP level 5. HP: 15/35 MP: 5/5
   712 | D        | Reached XP level 6. HP: 17/40 MP: 6/6
   727 | D        | Killed a human
   727 | D        | Reached skill level 8 in Armour
  1009 | D        | Became a worshipper of Warmaster Okawaru
  1055 | D        | Found a glowing silver altar of Zin.
  1056 | D        | Found a glowing golden altar of the Shining One.
  1056 | D        | Found a white marble altar of Elyvilon.
  1056 | D        | Noticed a deep elf priest
  1075 | D        | Killed from afar by a deep elf priest

Vault maps used:
D:        dungeon_sprint_mu

Action                   |  1- 3 |  4- 6 || total
-------------------------+-------+-------++-------
Melee: Flail             |    44 |    43 ||    87
  Use: Potion            |     5 |     1 ||     6
       Scroll            |     3 |       ||     3
  Eat: Bread ration      |       |     1 ||     1
